 Dungeon Crawl Stone Soup version 0.30.0-5-g1a98f26d00 (webtiles) character file.

Game seed: 7551974701335312839

488902 suduhmizer the Imperceptible (level 23, -30/119 HPs)
             Began as a Spriggan Delver on May 7, 2023.
             Was the Champion of Dithmenos.
             Killed from afar by an orb of fire (44 damage)
             ... with a fireball
             ... on level 4 of the Depths on May 9, 2023.
             The game lasted 08:59:29 (100710 turns).

suduhmizer the Imperceptible (Spriggan Delver)    Turns: 100710, Time: 08:59:30

Health: -30/119    AC:  8    Str: 14    XL:     23   Next: 55%
Magic:  30/34      EV: 60    Int:  9    God:    Dithmenos [******]
Gold:   1686       SH:  9    Dex: 28    Spells: 9/36 levels left

rFire   + . .        b - +7 captain's cutlass {speed, disarm}
rCold   + . .        p - +2 buckler {reflect}
rNeg    + . .        T - +5 robe of Night {Dark Will+ SInv}
rPois   +            q - +2 hat of Musudd {rElec Regen+ Int-5}
rElec   +            l - scarf {repulsion}
rCorr   .            (gloves unavailable)
SInv    +            (boots unavailable)
Will    +++++        S - amulet of the acrobat Stlth *********+
                     J - ring of Caegore {rC+ Str+2 Dex+7}
HPRegen 1.19/turn    i - ring "Ogerora" {rPois rF+ rN+}
MPRegen 0.24/turn

%: repel missiles, reflection, acrobat
@: about to teleport, acrobatic, very slightly contaminated, wreathed by umbra,
studying Translocations, unable to drink, very quick
A: very small, no large weapons, unfitting armour, see invisible, speed 3, fangs
1, deformed body, inability to drink after injury 1
}: 3/15 runes: barnacled, silver, gossamer
a: Renounce Religion, Shadow Step, Shadow Form


You were on level 4 of the Depths.
You worshipped Dithmenos.
Dithmenos was exalted by your worship.
You visited 10 branches of the dungeon, and saw 44 of its levels.
You visited 1 bazaar.
You also visited: Gauntlet and Ice Cave.

You collected 6584 gold pieces.
You spent 4898 gold pieces at shops.

Inventory:

Hand Weapons
 a - the +2 short sword of the Supporting Gods {freeze, Fly SInv Stlth+}
   (You found it on level 8 of the Dungeon)

   SInv:      It lets you see invisible.
   Fly:       It grants you flight.
   Stlth:     It makes you more stealthy.
 b - the +7 captain's cutlass (weapon) {speed, disarm}
   (You took it off a deep elf demonologist on level 3 of the Elven Halls)
 Q - a +4 antimagic shortbow
 R - a +5 heavy lajatang
Missiles
 M - 2 curare-tipped darts (quivered)
Armour
 l - a scarf of repulsion (worn)
 p - a +2 buckler of reflection (worn)
 q - the +2 hat of Musudd (worn) {rElec Regen+ Int-5}
   (You found it on level 3 of the Spider Nest)

   Int:       It affects your intelligence (-5).
   rElec:     It insulates you from electricity.
   Regen:     It increases your rate of health regeneration.
 r - +9 gold dragon scales
 t - a +1 cloak of poison resistance
 A - a +2 cloak of preservation
 L - a +1 robe of resistance
 P - +0 shadow dragon scales
 T - the +5 robe of Night (worn) {Dark Will+ SInv}
   (You bought it in a shop in a bazaar)

   Dark:      It shrouds the wearer in darkness, reducing the range at which
   they can see and be seen by others.
   SInv:      It lets you see invisible.
   Will:      It increases your willpower.
 Y - the +2 robe "Jaaxzeatt" {+Inv rElec Will+++ MP-9}
   (You bought it in a shop in a bazaar)

   rElec:     It insulates you from electricity.
   MP:        It affects your magic capacity (-9).
   +Inv:      It lets you turn invisible.
   Will:      It greatly increases your willpower.
Jewellery
 i - the ring "Ogerora" (right hand) {rPois rF+ rN+}
   (You found it on level 4 of the Shoals)

   [ring of positive energy]

   rF:        It protects you from fire.
   rPois:     It protects you from poison.
   rN:        It protects you from negative energy.
 u - an amulet of regeneration
 y - the ring of Tatrizxa {rElec rF+ rN+ Int+6 Dex+4}
   (You found it on level 3 of the Spider Nest)

   [ring of intelligence]

   Int:       It affects your intelligence (+6).
   Dex:       It affects your dexterity (+4).
   rF:        It protects you from fire.
   rElec:     It insulates you from electricity.
   rN:        It protects you from negative energy.
 J - the ring of Caegore (left hand) {rC+ Str+2 Dex+7}
   (You took it off a deep elf demonologist on level 3 of the Elven Halls)

   [ring of protection from cold]

   Str:       It affects your strength (+2).
   Dex:       It affects your dexterity (+7).
   rC:        It protects you from cold.
 O - an amulet of reflection
 S - an amulet of the acrobat (around neck)
 U - the ring "Adomn" {rCorr Str+3 Int+6}
   (You took it off a deep elf demonologist on level 3 of the Elven Halls)

   [ring of intelligence]

   Str:       It affects your strength (+3).
   Int:       It affects your intelligence (+6).
   rCorr:     It protects you from acid and corrosion.
 V - the ring of Neinekhli {AC+4 Str+5}
   (You took it off a deep elf high priest on level 3 of the Elven Halls)

   [ring of protection]

   AC:        It affects your AC (+4).
   Str:       It affects your strength (+5).
Wands
 g - a wand of digging (42)
 D - a wand of iceblast (52)
 E - a wand of mindburst (36)
 G - a wand of flame (111)
 H - a wand of polymorph (14)
 N - a wand of charming (29)
 X - a wand of acid (31)
Scrolls
 c - 5 scrolls of fog
 d - 3 scrolls of magic mapping
 e - 7 scrolls of fear
 j - 4 scrolls of amnesia
 k - 6 scrolls of enchant armour
 n - 2 scrolls of teleportation
 x - a scroll of butterflies
 B - a scroll of blinking
 W - a scroll of silence
Potions
 f - 9 potions of haste
 h - 6 potions of magic
 m - 12 potions of mutation
 o - 10 potions of brilliance
 s - 2 potions of heal wounds
 v - 6 potions of ambrosia
 w - 4 potions of invisibility
 z - 5 potions of resistance
 C - 15 potions of curing
 F - 4 potions of flight
 I - 4 potions of might
 K - 3 potions of berserk rage
 Z - 2 potions of cancellation


   Skills:
 * Level 11.6 Fighting
 - Level 15.2 Short Blades
 - Level 13.0 Staves
 - Level 5.7 Armour
 - Level 21.8 Dodging
 - Level 26.2 Stealth
 * Level 4.2 Shields
 - Level 7.0 Spellcasting
 - Level 11.5 Hexes
 - Level 8.2 Translocations
 - Level 16.8 Transmutations
 - Level 3.0 Ice Magic
 - Level 11.7 Earth Magic
 + Level 11.4 Invocations
 - Level 7.5 Evocations


You had 9 spell levels left.
You knew the following spells:

 Your Spells              Type           Power      Damage    Failure   Level
a - Ensorcelled Hibernat  Hex/Ice        32%        N/A       1%          2
b - Portal Projectile     Hex/Tloc       42%        N/A       1%          3
c - Cause Fear            Hex            11%        N/A       2%          4
d - Blink                 Tloc           36%        N/A       1%          2
e - Confusing Touch       Hex            23%        N/A       1%          3
f - Dazzling Flash        Conj/Hex       26%        N/A       8%          3
g - Statue Form           Tmut/Erth      18%        N/A       12%         6
h - Apportation           Tloc           36%        N/A       1%          1
i - Stone Arrow           Conj/Erth      26%        3d8       7%          3

Your spell library contained the following spells:

 Spells                   Type           Power      Damage    Failure   Level
 Beastly Appendage        Tmut           66%        N/A       1%          1
 Sandblast                Erth           48%        2d12      1%          1
 Slow                     Hex            92%        N/A       1%          1
 Sting                    Tmut/Pois      72%        1d6       1%          1
 Lesser Beckoning         Tloc           36%        N/A       1%          2
 Passwall                 Tmut/Erth      23%        N/A       1%          2
 Tukima's Dance           Hex            23%        N/A       1%          3
 Petrify                  Tmut/Erth      28%        N/A       1%          4
 Blade Hands              Tmut           16%        N/A       1%          5
 Gell's Gravitas          Tloc           18%        N/A       2%          3
 Teleport Other           Tloc           18%        N/A       2%          3
 Leda's Liquefaction      Hex/Erth       12%        N/A       2%          4
 Ice Form                 Ice/Tmut       20%        N/A       4%          4
 Lee's Rapid Deconstruct  Erth           12%        3d8*      6%          5
 Momentum Strike          Conj/Tloc      20%        3d8       8%          2
 Ignite Poison            Fire/Tmut/Pois 13%        N/A       8%          3
 Inner Flame              Hex/Fire       13%        N/A       8%          3
 Volatile Blastmotes      Fire/Tloc      20%        2d11      14%         3
 Ozocubu's Armour         Ice            8%         N/A       22%         3
 Dragon Form              Tmut           16%        N/A       22%         7
 Animate Armour           Summ/Erth      26%        N/A       24%         4
 Fulminant Prism          Conj/Hex       6%         3d6       24%         4
 Alistair's Intoxication  Tmut/Pois      12%        N/A       24%         5
 Irradiate                Conj/Tmut      9%         3d14      24%         5
 Kiss of Death            Conj/Necr      12%        2d6       26%         1
 Necrotise                Necr           12%        1d4       26%         1
 Summon Small Mammal      Summ           12%        N/A       26%         1
 Poisonous Vapours        Pois/Air       6%         N/A       36%         2
 Scorch                   Fire           6%         2d5       36%         2
 Static Discharge         Conj/Air       6%         2-3/arc   36%         2
 Sublimation of Blood     Necr           3%         N/A       36%         2
 Metabolic Englaciation   Hex/Ice        8%         N/A       36%         5
 Hailstorm                Conj/Ice       5%         3d4       38%         3
 Iskenderun's Mystic Bla  Conj/Tloc      10%        2d4       43%         4
 Silence                  Hex/Air        6%         N/A       56%         5
 Summon Mana Viper        Hex/Summ       13%        N/A       56%         5
 Call Canine Familiar     Summ           3%         N/A       61%         3
 Mephitic Cloud           Conj/Pois/Air  3%         N/A       61%         3
 Swiftness                Air            3%         N/A       61%         3
 Vampiric Draining        Necr           3%         2d6       61%         3
 Eringya's Noxious Bog    Tmut/Pois      9%         N/A       78%         6
 Summon Ice Beast         Ice/Summ       5%         N/A       80%         4
 Summon Forest            Summ/Tloc      5%         N/A       80%         5
 Flame Wave               Conj/Fire      3%         2d5       95%         4
 Sticky Flame             Conj/Fire      3%         2d3       95%         4
 Iron Shot                Conj/Erth      6%         9d2       98%         6
 Freezing Cloud           Conj/Ice/Air   2%         6-21      99%         5
 Iskenderun's Battlesphe  Conj           3%         2d6       100%        5
 Conjure Ball Lightning   Conj/Air       1%         3x3d6     100%        6
 Death Channel            Necr           1%         N/A       100%        6
 Simulacrum               Ice/Necr       2%         N/A       100%        6
 Starburst                Conj/Fire      1%         6d3       100%        6
 Summon Cactus Giant      Summ           1%         N/A       100%        6
 Monstrous Menagerie      Summ           1%         N/A       100%        7
 Spellforged Servitor     Conj/Summ      1%         N/A       100%        7
 Summon Hydra             Summ           1%         N/A       100%        7
 Borgnjor's Revivificati  Necr           1%         N/A       100%        8
 Discord                  Hex            11%        N/A       100%        8
 Ignition                 Fire           1%         3d3       100%        8
 Dragon's Call            Summ           1%         N/A       100%        9


Dungeon Overview and Level Annotations

Branches:
Dungeon (15/15)            Temple (1/1) D:7            Lair (5/5) D:11
 Shoals (4/4) Lair:2       Spider (4/4) Lair:2        Slime (0/5) Lair:4
    Orc (2/2) D:9             Elf (3/3) Orc:2        Vaults (5/5) D:13
  Crypt (0/3) Vaults:3     Depths (4/4) D:15            Zot (1/5) Depths:4
  IceCv (visited)         Gauntlet (visited)

Altars:
Ashenzari
Cheibriados
Dithmenos
Elyvilon
Fedhas
Gozag
Hepliaklqana
Kikubaaqudgha
Makhleb
Nemelex Xobeh
Okawaru
Qazlal
Ru
Sif Muna
Trog
Uskayaw
Vehumet
Wu Jian
Xom
Yredelemnul
Zin
The Shining One

Shops:
D:5 =   D:10 [   Orc:2 [(=*   Elf:1 :   Elf:2 [   Elf:3 !   Vaults:2 *[*[
Depths:3 ?*

Portals:
Hell: Depths:1 Depths:2 Depths:3 Depths:4
Abyss: Depths:3
Pandemonium: Depths:2
Ziggurat: Depths:2

Annotations:
D:7 1 runed translucent door, Taurus's ghost, novice MiFi
Lair:4 3 runed translucent doors, Zaegoraum's ghost, journeyman DsAK
Spider:2 2 transporters, Vuykkinei's ghost, adept TrBe
Spider:3 Tacit's ghost, journeyman GrMo
Orc:2 2 transporters, scisormetimb3rs's ghost, journeyman DgIE
Vaults:3 2 transporters


Innate Abilities, Weirdness & Mutations

You are very small and have problems with some larger weapons.
You are too small for most types of armour.
You have supernaturally acute eyesight. (SInv)
You cover ground extremely quickly. (Speed+++)
You have very sharp teeth.
Armour fits poorly on your strangely shaped body.
You occasionally lose the ability to drink potions when taking damage.


Message History

The bolt of fire hits you!! You resist.
You completely miss the orb of fire.
You bite the orb of fire, but do no damage.
You puncture the orb of fire!
The orb of fire is lightly damaged.
Your shadow hits the orb of fire but does no damage.
The orb of fire glows bright magenta.
The bolt of fire misses you.
You hit the orb of fire but do no damage.
Your bite misses the orb of fire.
The orb of fire is lightly damaged.
Your shadow misses the orb of fire. You barely miss the orb of fire.
The orb of fire is lightly damaged.
Your shadow hits the orb of fire but does no damage.
The orb of fire glows bright magenta.
The fireball explodes!
The fireball engulfs you!! You resist.
The fireball engulfs the orb of fire.
The orb of fire completely resists.
You hit the orb of fire but do no damage.
The orb of fire is lightly damaged.
You closely miss the orb of fire.
The orb of fire is lightly damaged.
Your shadow hits the orb of fire with a rapier.
The orb of fire glows red.
The fireball explodes!
The fireball engulfs you!! You resist.
You feel threatened and lose the ability to drink potions!
* * * LOW HITPOINT WARNING * * *
The fireball engulfs the orb of fire.
The orb of fire completely resists.
As you read the scroll of teleportation, it crumbles to dust.
You feel strangely unstable.
The orb of fire glows deep purple.
The bolt of fire hits you!! You resist.
* * * LOW HITPOINT WARNING * * *
You cannot drink potions in your current state!
The orb of fire emits a lurid red light.
The bolt of fire misses you.
There is an open door here.
The orb of fire glows red.
The fireball explodes!
The fireball engulfs you!!! You resist.
You die...

.## ##.....## ##.#.##~~~~~~#..#
..## ##.).## ##..[.##~~~~~~#..#
y..## ##'## ##...#.#########..#
#...###.).###...##............###
##...#.....#...##...............#
##..'..∩..)..###.[.........###..
##...#.....#...##...........# ##.
#..!###..)###...##..........# #.
...## ##'## ##..@#<.........# #.
..## ##...## ##..'.*........# #.
.## ##....§## ##.#).........# #.
## ##...#§§§## ###..........# ##
##...###.§.###............# #
#...## ##*..#'.......†....# #
####'## ##'###............#####
..##.# #.*.####'###'#####....
.....# ###.# #......# #....


You could see an orb of fire.

Vanquished Creatures
  A juggernaut (Depths:2)
  Sojobo (Depths:4)
  Parghit (Depths:4)
  Frederick (Depths:4)
  4 caustic shrikes
  Saint Roka (Orc:2)
  3 golden dragons
  Arachne (Spider:2)
  Zenata (Vaults:4)
  6 tentacled monstrosities
  Rupert (Lair:5)
  A walking crystal tome (Depths:1)
  A walking frostbound tome (Depths:4)
  4 liches
  A walking divine tome (Depths:2)
  2 deep elf master archers (Elf:3)
  4 quicksilver dragons
  3 deep elf blademasters (Elf:2)
  2 krakens
  6 sphinxes
  2 storm dragons
  A draconian monk (Depths:4)
  7 tengu reavers
  7 shadow dragons
  6 fire giants
  8 frost giants
  3 deep elf sorcerers
  A draconian scorcher (Depths:4)
  4 ghost moths
  Aizul (Elf:3)
  5 emperor scorpions (Spider:4)
  2 iron dragons
  18 vault wardens
  2 draconian shifters
  14 ironbound preservers
  2 draconian stormcallers
  3 orc warlords
  25 very ugly things
  7 ironbound thunderhulks
  2 spriggan defenders
  11 stone giants
  A war gargoyle (Vaults:4)
  4 broodmothers
  5 vampire knights
  Nessos (D:12)
  5 deep elf demonologists (Elf:3)
  2 purple draconians (Depths:4)
  2 black draconians (Depths:4)
  A red draconian (Depths:4)
  14 spark wasps
  A yellow draconian (Depths:4)
  8 deep elf annihilators
  3 white draconians
  7 dire elephants
  11 fire dragons
  6 merfolk javelineers
  A crystal guardian (Vaults:4)
  8 deep elf death magi
  15 ettins
  2 merfolk impalers (Shoals:4)
  7 entropy weavers
  6 deep elf high priests
  17 vault guards
  5 great orbs of eyes
  7 yaktaur captains
  5 rakshasas
  Josephine (D:9)
  2 peacekeepers (Vaults:4)
  2 spriggan air magi
  Harold (D:9)
  7 ice dragons
  3 jorogumos
  A death knight (D:15)
  10 ironbound frosthearts
  A satyr (Shoals:4)
  4 hydras
  5 centaur warriors
  8 deep troll shamans
  3 radroaches
  4 alligator snapping turtles (Shoals:4)
  A two-headed ogre (shapeshifter) (Depths:1)
  Erica (D:8)
  4 tengu warriors
  5 death yaks
  6 boulder beetles
  3 vampire magi
  A two-headed ogre (D:12)
  22 dancing weapons
  Urug (Orc:1)
  9 deep troll earth magi
  2 spriggan berserkers
  13 deep elf knights
  3 orc high priests
  2 hell knights
  7 iron trolls
  Lodul (D:14)
  A skyshark (shapeshifter) (Depths:2)
  6 pharaoh ants
  2 sun moths
  5 skysharks
  4 skeletal warriors
  A swamp dragon (Lair:4)
  37 deep trolls
  9 sea snakes
  An orb spider (shapeshifter) (Vaults:3)
  13 orb spiders
  7 glowing orange brains
  2 flayed ghosts
  8 phantasmal warriors
  13 lindwurms
  6 steelbarb worms
  3 deep elf archers
  18 deep elf pyromancers
  14 wizards
  Pikel (D:5)
  17 deep elf zephyrmancers
  20 ironbound convokers
  2 harpies
  6 orc knights
  9 necromancers
  7 cyclopes
  4 fauns (Shoals:2)
  70 ugly things
  21 wolf spiders
  4 elephants (Lair:5)
  11 manticores
  10 merfolk sirens
  2 black mambas
  4 moths of wrath
  28 vault sentinels
  3 orc sorcerers
  2 water nymphs (shapeshifter) (Depths:4)
  8 demonic crawlers
  Maurice (D:12)
  3 water nymphs
  A molten gargoyle (Depths:1)
  A gargoyle (D:7)
  Joseph (Lair:1)
  18 cane toads
  2 unseen horrors
  Maggie (D:7)
  A cane toad (shapeshifter) (D:13)
  24 yaktaurs
  2 torpor snails
  5 komodo dragons
  A spark wasp simulacrum (Depths:3)
  5 rime drakes
  An efreet (D:13)
  A golden dragon simulacrum (Depths:3)
  A komodo dragon (shapeshifter) (D:12)
  6 trolls
  2 tengu conjurers
  5 freezing wraiths
  A queen bee (shapeshifter) (Elf:3)
  2 polar bears (Lair:5)
  3 meliai
  3 wind drakes
  26 tarantellas
  21 merfolk
  A sphinx simulacrum (Depths:3)
  4 hornets
  Grinder (D:5)
  19 blink frogs
  6 snapping turtles
  37 jumping spiders
  Sigmund (D:5)
  A spriggan (Lair:1)
  10 wraiths
  A shadow (D:12)
  80 slime creatures
  A spriggan (shapeshifter) (D:15)
  A vampire (D:12)
  19 culicivoras
  11 water elementals
  2 basilisks
  5 wyverns
  Grum (D:11)
  2 fire elementals
  18 humans (D:13)
  3 steam dragons
  6 vampire mosquitoes
  24 yaks
  41 redbacks
  Menkaure (D:6)
  6 wargs
  A water moccasin (shapeshifter) (Vaults:5)
  2 acid dragons (D:11)
  20 water moccasins
  40 orc warriors
  A sky beast (D:6)
  3 black bears
  A great orb of eyes simulacrum (IceCv)
  2 ice beasts
  4 boggarts (D:15)
  10 ogres
  11 wolves
  2 centaurs (D:10)
  3 phantoms
  4 elf zombies (Elf:1)
  3 kobold brigands
  Blork the orc (D:5)
  16 bullfrogs
  A gnoll sergeant (D:10)
  3 glowing shapeshifter simulacra (IceCv)
  2 earth elementals (Elf:2)
  4 scorpions
  4 wights (D:8)
  14 killer bees
  7 howler monkeys
  2 electric eels (Lair:5)
  3 hounds
  18 orc priests
  A gnoll bouda (D:9)
  5 jellies
  3 iguanas
  Ijyb (D:5)
  4 sleepcaps
  25 orc wizards
  Robin (D:3)
  18 gnolls
  11 adders
  3 shadow imps
  3 white imps
  An ufetubus (D:5)
  5 worms
  4 dart slugs
  111 orcs
  7 ball pythons
  6 bats
  12 endoplasms
  5 giant cockroaches
  12 goblins
  9 hobgoblins
  2 quokkas
  4 frilled lizards
  20 kobolds
  5 rats
1732 creatures vanquished.

Vanquished Creatures (others)
  A fire giant (Depths:3)
  A deep elf annihilator (Elf:3)
  An orc warrior (Vaults:5)
  2 butterflies
5 creatures vanquished.

Grand Total: 1737 creatures vanquished

Notes
Turn   | Place    | Note
-------+----------+-------------------------------------------
     0 | D:5      | suduhmizer the Spriggan Delver began the quest for the Orb.
     0 | D:5      | Reached XP level 1. HP: 11/11 MP: 2/2
     1 | D:5      | Found Ukomarosch's Jewellery Boutique.
    66 | D:5      | Noticed Grinder
    83 | D:5      | Noticed Sigmund
   123 | D:5      | Killed Sigmund
   124 | D:5      | Reached skill level 8 in Stealth
   124 | D:5      | Reached XP level 2. HP: 16/16 MP: 3/3
   124 | D:5      | Reached XP level 3. HP: 20/20 MP: 4/4
   124 | D:5      | Reached XP level 4. HP: 24/24 MP: 5/5
   124 | D:5      | Reached XP level 5. HP: 28/28 MP: 6/6
   144 | D:5      | Killed Grinder
   145 | D:5      | Reached skill level 5 in Dodging
   145 | D:5      | Reached XP level 6. HP: 32/32 MP: 7/7
   472 | D:5      | Reached skill level 9 in Stealth
   847 | D:3      | Noticed Robin
  1094 | D:1      | Got Sif Muna's Anthology of Impulse
  1182 | D:1      | Reached XP level 7. HP: 34/37 MP: 8/8
  2101 | D:2      | Reached skill level 5 in Short Blades
  2699 | D:3      | Found a faded altar of an unknown god.
  3147 | D:3      | Killed Robin
  3291 | D:3      | Learned a level 2 spell: Ensorcelled Hibernation
  4031 | D:4      | Reached skill level 1 in Hexes
  4198 | D:4      | Reached skill level 1 in Spellcasting
  4198 | D:4      | Reached XP level 8. HP: 42/42 MP: 10/10
  4450 | D:4      | Reached skill level 10 in Stealth
  4577 | D:5      | Noticed Ijyb
  4585 | D:5      | Killed Ijyb
  4602 | D:5      | Noticed Blork the orc
  4652 | D:5      | Reached skill level 1 in Ice Magic
  5045 | D:5      | Noticed Pikel
  5099 | D:5      | Found a basalt altar of Yredelemnul.
  5099 | D:5      | Found an ornate altar of the Wu Jian Council.
  5192 | D:5      | Killed Pikel
  5546 | D:6      | Reached XP level 9. HP: 41/45 MP: 11/16
  5627 | D:6      | Learned a level 3 spell: Portal Projectile
  5636 | D:6      | Reached skill level 5 in Hexes
  5745 | D:6      | Reached skill level 11 in Stealth
  5745 | D:6      | Reached skill level 5 in Spellcasting
  6131 | D:6      | Noticed Menkaure
  6138 | D:6      | Killed Menkaure
  6640 | D:7      | Found a runed translucent door.
  6640 | D:7      | Noticed Taurus's ghost (novice MiFi)
  6822 | D:7      | Noticed Maggie
  6824 | D:7      | Killed Maggie
  6880 | D:7      | Reached XP level 10. HP: 50/50 MP: 21/21
  7015 | D:7      | Found a staircase to the Ecumenical Temple.
  7015 | D:7      | Noticed a gargoyle
  7017 | D:7      | Killed a gargoyle
  7018 | D:7      | Reached skill level 12 in Stealth
  7018 | D:7      | Reached skill level 1 in Evocations
  7029 | Temple   | Entered the Ecumenical Temple
  7050 | Temple   | Became a worshipper of Dithmenos the Shadowed
  7190 | D:7      | Learned a level 4 spell: Cause Fear
  7455 | D:8      | Found an iron altar of Okawaru.
  7457 | D:8      | Found a hazy altar of Hepliaklqana.
  7627 | D:8      | Found a white marble altar of Elyvilon.
  7726 | D:8      | Found a hide-covered altar of Uskayaw.
  7726 | D:8      | Noticed a +0 falchion
  7726 | D:8      | Noticed a +0 falchion
  7727 | D:8      | Noticed a +0 spear
  7750 | D:8      | Noticed a +0 dagger
  7750 | D:8      | Noticed a +0 short sword
  7751 | D:8      | Noticed a +0 short sword
  7753 | D:8      | Noticed a +0 dagger
  7756 | D:8      | Noticed a +0 spear
  7932 | D:8      | Noticed Erica
  7936 | D:8      | Killed Erica
  7937 | D:8      | Reached skill level 13 in Stealth
  8225 | D:8      | Identified the +2 short sword of the Supporting Gods
                  | {freeze, Fly SInv Stlth+}
  8450 | D:8      | Reached * piety under Dithmenos
  8678 | D:9      | Found a staircase to the Orcish Mines.
  9078 | D:9      | Noticed Harold
  9111 | D:9      | Killed Harold
  9112 | D:9      | Reached skill level 14 in Stealth
  9139 | D:9      | Reached XP level 11. HP: 53/53 MP: 16/22
  9847 | D:10     | Entered Level 10 of the Dungeon
  9923 | D:10     | Identified the +8 long sword "Iskacroo" {vamp, rN+ Str+6}
 10267 | D:10     | Found an ancient bone altar of Kikubaaqudgha.
 10410 | Orc:1    | Entered Level 1 of the Orcish Mines
 10410 | Orc:1    | Noticed Josephine
 10505 | D:9      | Reached skill level 10 in Short Blades
 10592 | Orc:1    | Noticed an orc knight
 10620 | D:9      | Reached skill level 5 in Evocations
 11059 | D:10     | Found Woubeg's Armour Shoppe.
 11399 | D:10     | Reached ** piety under Dithmenos
 11557 | D:11     | Reached skill level 15 in Stealth
 11757 | D:11     | Noticed Grum
 11778 | D:11     | Killed Grum
 11881 | D:11     | Noticed a purple ugly thing
 11897 | D:11     | Killed a purple ugly thing
 11983 | D:11     | Noticed a purple ugly thing
 12000 | D:11     | Killed a purple ugly thing
 12139 | D:11     | Found a staircase to the Lair.
 12509 | D:11     | Reached skill level 16 in Stealth
 12673 | D:11     | Identified the +1 robe of the Bequeathed Falcon {Stlth+}
 12929 | D:12     | Noticed a boulder beetle
 13054 | D:12     | Killed a boulder beetle
 13073 | D:12     | Noticed Nessos
 13076 | D:12     | Killed Nessos
 13116 | D:12     | Reached XP level 12. HP: 52/58 MP: 18/23
 13121 | D:12     | Noticed a tengu warrior
 13126 | D:12     | Noticed a centaur warrior
 13263 | D:12     | Reached skill level 10 in Hexes
 13321 | D:12     | Noticed Maurice
 13325 | D:12     | Noticed a two-headed ogre
 13398 | D:12     | Killed Maurice
 13398 | D:12     | Reached *** piety under Dithmenos
 13448 | D:12     | Killed a tengu warrior
 13644 | D:12     | Killed a centaur warrior
 13645 | D:12     | Reached skill level 17 in Stealth
 13763 | Lair:1   | Entered Level 1 of the Lair of Beasts
 13807 | Lair:1   | Noticed Joseph
 13814 | Lair:1   | Killed Joseph
 14650 | Lair:2   | Noticed a death yak
 14653 | Lair:2   | Noticed a death yak
 14653 | Lair:2   | Noticed a death yak
 14653 | Lair:2   | Noticed a death yak
 14915 | Lair:2   | Noticed a death yak
 15060 | Lair:2   | Killed a death yak
 15066 | Lair:2   | Killed a death yak
 15067 | Lair:2   | Reached skill level 18 in Stealth
 16232 | Lair:1   | Killed a death yak
 16233 | Lair:1   | Reached skill level 5 in Fighting
 16817 | Lair:1   | Killed a death yak
 17066 | Lair:1   | Killed a death yak
 17291 | Lair:2   | Found a staircase to the Shoals.
 17883 | Lair:2   | Found a hole to the Spider Nest.
 18372 | Lair:3   | Reached skill level 19 in Stealth
 18384 | Lair:3   | Reached XP level 13. HP: 64/64 MP: 24/24
 18390 | Lair:3   | Found a gate leading to a gauntlet.
 18510 | Gauntlet | Entered a Gauntlet
 18510 | Gauntlet | Found a transporter.
 18511 | Gauntlet | Found a large runed translucent door.
 18512 | Gauntlet | Found a large runed translucent door.
 18513 | Gauntlet | Found a large runed translucent door.
 18513 | Gauntlet | Found a large runed translucent door.
 18513 | Gauntlet | Found a runed translucent door.
 18514 | Gauntlet | Found a large runed translucent door.
 18515 | Gauntlet | Found a large runed translucent door.
 18516 | Gauntlet | Found a large runed translucent door.
 18516 | Gauntlet | Found a large runed translucent door.
 18517 | Gauntlet | Found a runed translucent gate.
 18517 | Gauntlet | Found a runed translucent gate.
 18519 | Gauntlet | Found a transporter.
 18524 | Gauntlet | Found a runed translucent gate.
 18524 | Gauntlet | Found a runed translucent door.
 18528 | Gauntlet | Found a large runed translucent door.
 18528 | Gauntlet | Found a large runed translucent door.
 18529 | Gauntlet | Found a large runed translucent door.
 18530 | Gauntlet | Found a large runed translucent door.
 18534 | Gauntlet | Found a transporter.
 18539 | Gauntlet | Found a transporter.
 18554 | Gauntlet | Found a transporter.
 18573 | Gauntlet | Found a transporter.
 18585 | Gauntlet | Found a transporter.
 18597 | Gauntlet | Found a transporter.
 18609 | Gauntlet | Found a transporter.
 18621 | Gauntlet | Found a transporter.
 18638 | Gauntlet | Found a transporter.
 18638 | Gauntlet | Found a transporter.
 18658 | Gauntlet | Found a transporter.
 18678 | Gauntlet | Found a transporter.
 18773 | Gauntlet | Found a transporter.
 18798 | Gauntlet | Found a transporter.
 18800 | Gauntlet | Found a transporter.
 18816 | Gauntlet | Found a large runed translucent door.
 18816 | Gauntlet | Found a large runed translucent door.
 18817 | Gauntlet | Found a large runed translucent door.
 18818 | Gauntlet | Found a large runed translucent door.
 18820 | Gauntlet | Found a transporter.
 19381 | Lair:3   | Reached **** piety under Dithmenos
 20762 | Lair:4   | Reached skill level 20 in Stealth
 21313 | Lair:4   | Noticed Zaegoraum's ghost (journeyman DsAK)
 21316 | Lair:4   | Found a runed translucent gate.
 21316 | Lair:4   | Found a runed translucent gate.
 21469 | Lair:4   | Found a runed translucent gate.
 21534 | Lair:4   | Found a staircase to the Slime Pits.
 21875 | Lair:5   | Entered Level 5 of the Lair of Beasts
 22169 | Lair:5   | Noticed Rupert
 22178 | Lair:5   | Killed Rupert
 22332 | Lair:5   | Reached skill level 15 in Short Blades
 22361 | Lair:5   | Reached skill level 21 in Stealth
 25288 | Lair:5   | Noticed a dire elephant
 25530 | Lair:3   | Learned a level 2 spell: Blink
 25687 | D:12     | Reached XP level 14. HP: 72/72 MP: 16/25
 25695 | D:12     | Reached skill level 1 in Staves
 26444 | D:12     | Reached ***** piety under Dithmenos
 27428 | D:9      | Killed Josephine
 27543 | Orc:1    | Found an iron altar of Okawaru.
 28040 | Orc:1    | Noticed Urug
 28045 | Orc:1    | Killed Urug
 28046 | Orc:1    | Reached skill level 22 in Stealth
 28168 | Orc:2    | Entered Level 2 of the Orcish Mines
 28262 | Orc:2    | Noticed an orc warlord
 28311 | Orc:2    | Killed an orc warlord
 28434 | Orc:2    | Found a staircase to the Elven Halls.
 28756 | Orc:2    | Reached ****** piety under Dithmenos
 28802 | Orc:2    | Found a transporter.
 28808 | Orc:2    | Noticed a stone giant
 28810 | Orc:2    | Noticed scisormetimb3rs's ghost (journeyman DgIE)
 28811 | Orc:2    | Found a bloodstained altar of Trog.
 28847 | Orc:2    | Found a transporter.
 28946 | Orc:2    | Found Runec's Jewellery Shop.
 29121 | Orc:2    | Found Zaobbut's General Store.
 29806 | Orc:2    | Noticed Saint Roka
 30230 | Orc:2    | Found Dyrrunt's Antique Armour Shop.
 30350 | Orc:2    | Found Worune's Antique Weapon Boutique.
 30353 | Orc:2    | Killed Saint Roka
 30672 | Orc:2    | Bought a +1 cloak of poison resistance for 189 gold pieces
 30868 | Spider:1 | Entered Level 1 of the Spider Nest
 31389 | Spider:1 | Reached skill level 23 in Stealth
 31868 | Spider:2 | Found a transporter.
 31905 | Spider:2 | Noticed Vuykkinei's ghost (adept TrBe)
 32075 | Spider:2 | Found a transporter.
 32125 | Spider:2 | Reached skill level 5 in Staves
 32325 | Spider:2 | Noticed Arachne
 32441 | Spider:2 | Noticed a ghost moth
 32614 | Spider:2 | Killed Arachne
 32688 | Spider:2 | Reached XP level 15. HP: 77/77 MP: 26/26
 33322 | Spider:3 | Reached skill level 24 in Stealth
 33975 | Spider:3 | Found a runed translucent gate.
 33975 | Spider:3 | Found a runed translucent gate.
 33975 | Spider:3 | Found a runed translucent gate.
 35865 | Spider:3 | Reached skill level 25 in Stealth
 36170 | Spider:3 | Noticed Tacit's ghost (journeyman GrMo)
 36225 | Spider:4 | Entered Level 4 of the Spider Nest
 37627 | Spider:4 | Noticed an emperor scorpion
 37711 | Spider:4 | Killed an emperor scorpion
 38041 | Spider:4 | Reached XP level 16. HP: 83/84 MP: 24/27
 39256 | Spider:4 | Reached skill level 26 in Stealth
 39261 | Spider:4 | Got a gossamer rune of Zot
 39682 | Lair:2   | Upgraded the game from 0.30.0-3-ga4e48a9924 to
                  | 0.30.0-5-g1a98f26d00
 40637 | D:11     | Reached XP level 17. HP: 88/88 MP: 28/28
 41094 | D:13     | Learned a level 3 spell: Confusing Touch
 41200 | D:12     | Reached skill level 10 in Staves
 41405 | D:13     | Learned a level 3 spell: Dazzling Flash
 41725 | D:13     | Found a gate to the Vaults.
 41727 | D:13     | Reached skill level 10 in Fighting
 42093 | D:14     | Noticed Lodul
 42102 | D:14     | Killed Lodul
 42241 | D:14     | Identified the +0 helmet "Ecoirchaczi" {rF- Regen+ Dex+4}
 42357 | D:14     | Found a stormy altar of Qazlal.
 43073 | D:15     | Entered Level 15 of the Dungeon
 43225 | D:15     | Found a radiant altar of Vehumet.
 43422 | D:15     | Found a staircase to the Depths.
 44801 | Spider:3 | Reached skill level 10 in Dodging
 44897 | Spider:3 | Identified the +2 hat of Musudd {rElec Regen+ Int-5}
 44911 | Spider:3 | Identified the ring of Tatrizxa {rElec rF+ rN+ Int+6 Dex+4}
 44923 | Spider:3 | Identified the +0 robe "Foadotte" {Harm +Blink rPois MP-9}
 45034 | Shoals:1 | Entered Level 1 of the Shoals
 45411 | Shoals:1 | Identified the +0 robe of the Red Skies {Fly rF+}
 45719 | Shoals:1 | Reached XP level 18. HP: 95/95 MP: 29/29
 46076 | Shoals:2 | Found a frozen archway.
 46091 | IceCv    | Entered an ice cave
 47666 | Shoals:4 | Entered Level 4 of the Shoals
 48226 | Shoals:4 | Identified the +1 ring mail of Happy Babbling {rPois MP+9
                  | Int+3 Dex+2}
 49142 | Shoals:4 | Got a barnacled rune of Zot
 49425 | Vaults:1 | Entered Level 1 of the Vaults
 50056 | Vaults:1 | Found a flickering gateway to a bazaar.
 50069 | Bazaar   | Entered a bazaar
 50069 | Bazaar   | Found Buiwn's Armour Shoppe.
 50069 | Bazaar   | Found Tusyrimp's Weapon Emporium.
 50099 | Bazaar   | Found Qusuog's Antique Weapon Emporium.
 50112 | Bazaar   | Found Eshufyil's Jewellery Shoppe.
 50124 | Bazaar   | Bought the +5 robe of Night {Dark Will+ SInv} for 780 gold
                  | pieces
 50124 | Bazaar   | Found the +5 robe of Night {Dark Will+ SInv}
 50124 | Bazaar   | Bought the +2 robe "Jaaxzeatt" {+Inv rElec Will+++ MP-9}
                  | for 530 gold pieces
 50142 | Bazaar   | Bought a ring of poison resistance for 140 gold pieces
 50165 | Bazaar   | Bought a +4 antimagic shortbow for 496 gold pieces
 50903 | Vaults:1 | Learned a level 6 spell: Statue Form
 51140 | Vaults:1 | Reached skill level 1 in Transmutations
 51496 | Vaults:1 | Reached skill level 1 in Earth Magic
 51496 | Vaults:1 | Identified the +6 quarterstaff of Pandemonium {flame, rElec
                  | Will- Str+3 Int+2}
 53912 | Vaults:1 | Reached skill level 5 in Transmutations
 54271 | Vaults:1 | Reached XP level 19. HP: 99/99 MP: 18/30
 54399 | Vaults:2 | Found Emun's Armour Boutique.
 55460 | Vaults:2 | Found Oppi's Assorted Antiques.
 55750 | Vaults:2 | Reached skill level 15 in Dodging
 55842 | Vaults:2 | Found Udess's General Store.
 57576 | Vaults:2 | Found Faodurabb's Armour Shoppe.
 59220 | Vaults:3 | Learned a level 1 spell: Apportation
 59488 | Vaults:3 | Reached skill level 10 in Transmutations
 60011 | Vaults:3 | Found a transporter.
 60028 | Vaults:3 | Found a transporter.
 60210 | Vaults:3 | Reached skill level 5 in Earth Magic
 60493 | Vaults:3 | Found a staircase to the Crypt.
 61856 | Vaults:3 | Identified the +9 hand axe of the Charming Gods {protect,
                  | rC+ Dex+2}
 62017 | Vaults:4 | Noticed Zenata
 62020 | Vaults:4 | Killed Zenata
 62026 | Vaults:4 | Reached XP level 20. HP: 103/103 MP: 22/31
 64742 | Depths:1 | Entered Level 1 of the Depths
 64930 | Elf:1    | Entered Level 1 of the Elven Halls
 65391 | Elf:1    | Found Kecesufaops's Self-Improvement Boutique.
 65466 | Elf:1    | Got Essorphi's Monograph on the Autopsy
 67670 | Elf:2    | Found Xutwicuxo's Antique Armour Boutique.
 67747 | Elf:2    | Reached skill level 1 in Translocations
 67750 | Elf:2    | Identified a scroll of acquirement
 68149 | Elf:2    | Acquired a +2 buckler of reflection
 68361 | Elf:2    | Found a runed translucent gate.
 68361 | Elf:2    | Found a runed translucent gate.
 68367 | Elf:2    | Found a runed translucent gate.
 68746 | Elf:2    | Reached skill level 15 in Transmutations
 70484 | Elf:1    | Learned a level 3 spell: Stone Arrow
 73220 | Elf:3    | Entered Level 3 of the Elven Halls
 73272 | Elf:3    | Noticed Aizul
 73776 | Depths:1 | Reached XP level 21. HP: 83/107 MP: 4/32
 74417 | Depths:1 | Found a gateway to Hell.
 74764 | Depths:1 | Found a huge runed gate.
 74764 | Depths:1 | Found a huge runed gate.
 74769 | Depths:1 | Found a huge runed gate.
 74770 | Depths:1 | Found a huge runed gate.
 74770 | Depths:1 | Found a huge runed gate.
 74770 | Depths:1 | Found a huge runed gate.
 74770 | Depths:1 | Found a huge runed gate.
 74773 | Depths:1 | Found a huge runed gate.
 74773 | Depths:1 | Found a huge runed gate.
 74780 | Depths:1 | Found a huge runed gate.
 74827 | Depths:1 | Found a huge runed gate.
 74828 | Depths:1 | Found a huge runed gate.
 75073 | Depths:1 | Found a huge runed gate.
 75073 | Depths:1 | Found a huge runed gate.
 75073 | Depths:1 | Found a huge runed gate.
 75073 | Depths:1 | Found a huge runed gate.
 75074 | Depths:1 | Found a huge runed gate.
 75074 | Depths:1 | Found a huge runed gate.
 75074 | Depths:1 | Found a huge runed gate.
 75074 | Depths:1 | Found a huge runed gate.
 75075 | Depths:1 | Found a huge runed gate.
 75209 | Depths:1 | Found a huge runed gate.
 75210 | Depths:1 | Found a huge runed gate.
 75211 | Depths:1 | Found a huge runed gate.
 75212 | Depths:1 | Found a huge runed gate.
 75220 | Depths:1 | Found a huge runed gate.
 75220 | Depths:1 | Found a huge runed gate.
 75220 | Depths:1 | Found a huge runed gate.
 75220 | Depths:1 | Found a huge runed gate.
 75220 | Depths:1 | Found a huge runed gate.
 75220 | Depths:1 | Found a huge runed gate.
 75221 | Depths:1 | Found a huge runed gate.
 75222 | Depths:1 | Found a huge runed gate.
 75223 | Depths:1 | Found a huge runed gate.
 75232 | Depths:1 | Found a huge runed gate.
 75232 | Depths:1 | Found a huge runed gate.
 76420 | Depths:2 | Found a one-way gateway to a ziggurat.
 76794 | Depths:2 | Reached skill level 10 in Earth Magic
 76848 | Depths:2 | Reached skill level 5 in Translocations
 77471 | Depths:2 | Noticed a juggernaut
 78320 | Depths:2 | Killed a juggernaut
 78372 | Depths:2 | Identified the +7 halberd "Ahokheaq" {flame, rElec rF+ rC+}
 78945 | Depths:2 | Found a one-way gate leading to the halls of Pandemonium.
 80184 | Depths:3 | Found a one-way gate to the infinite horrors of the Abyss.
 80420 | Depths:3 | Noticed a golden dragon
 80611 | Depths:2 | Killed a golden dragon
 80857 | Depths:3 | Reached skill level 1 in Armour
 80857 | Depths:3 | Reached skill level 1 in Invocations
 81424 | Depths:2 | Reached XP level 22. HP: 112/112 MP: 17/33
 82337 | Depths:3 | Noticed a golden dragon
 82440 | Depths:3 | Killed a golden dragon
 82677 | Depths:3 | Reached skill level 5 in Invocations
 82763 | Depths:3 | Found Daet's Magic Scroll Shoppe.
 82768 | Depths:3 | Found Tywnukhe's Assorted Antiques.
 82806 | Depths:3 | Bought a scroll of enchant weapon for 127 gold pieces
 82806 | Depths:3 | Bought a scroll of enchant weapon for 127 gold pieces
 82912 | Depths:3 | Bought a scroll of teleportation for 111 gold pieces
 83140 | Depths:4 | Entered Level 4 of the Depths
 83140 | Depths:4 | Noticed Parghit
 83147 | Depths:4 | Killed Parghit
 83198 | Depths:4 | Noticed a caustic shrike
 83198 | Depths:4 | Noticed a caustic shrike
 83740 | Depths:4 | Found a gate to the Realm of Zot.
 83886 | Depths:4 | Noticed Sojobo
 84064 | Depths:4 | Paralysed by an air elemental for 1 turns
 84065 | Depths:4 | Killed Sojobo
 84318 | Depths:4 | Noticed Frederick
 84795 | Elf:3    | Killed Aizul
 85467 | Elf:3    | Found Meexesaf's Distillery.
 85474 | Elf:3    | Bought a potion of heal wounds for 70 gold pieces
 86213 | Elf:3    | Identified the ring of Caegore {rC+ Str+2 Dex+7}
 86216 | Elf:3    | Identified the ring "Eckel" {Fly Str+3}
 86310 | Elf:3    | Identified the +3 great sword of Insomnia {heavy, Will+}
 86422 | Elf:3    | Identified the ring of Neinekhli {AC+4 Str+5}
 86458 | Elf:3    | Identified the ring "Adomn" {rCorr Str+3 Int+6}
 86642 | Elf:3    | Identified the +10 trident of Famine {freeze, Contam rF+++
                  | Will+}
 86964 | Elf:3    | Identified the +2 short sword "Foumm" {venom, Will+ Str+4
                  | Int-2}
 86965 | Elf:3    | Identified the staff of fire "Sianouwa" {rF+ Will+ Str+3}
 87594 | Elf:3    | Got Sif Muna's Textbook on the Evolved Shot
 87639 | Elf:3    | Identified the staff of poison "Amupsuat" {rPois SInv}
 88770 | Shoals:4 | Identified the ring "Ogerora" {rPois rF+ rN+}
 89330 | Vaults:5 | Entered Level 5 of the Vaults
 89419 | Vaults:5 | Noticed a golden dragon
 89643 | Vaults:5 | Reached skill level 5 in Armour
 90319 | Vaults:5 | Identified the +14 plate armour "Xapuacir" {rElec Dex+3}
 90530 | Vaults:5 | Identified the +3 chain mail of the Moon {Regen+ Str+9
                  | Dex-5 Stlth-}
 90929 | Vaults:5 | Reached skill level 10 in Invocations
 91252 | Vaults:5 | Reached XP level 23. HP: 103/113 MP: 34/34
 91345 | Vaults:5 | Identified the +8 great mace of the Tooth {freeze, Dex+2}
 91552 | Vaults:5 | Identified the +10 great mace of the Blue God {speed, Str+2
                  | Dex+4 Stlth+}
 91552 | Vaults:5 | Identified the ring "Aragrig" {rPois Will+ Str+4 SInv}
 92191 | Vaults:5 | Got a silver rune of Zot
 92442 | Vaults:2 | Bought a scroll of acquirement for 2028 gold pieces
 92442 | Vaults:2 | Acquired suduhmizer's Precepts of the Hawk
 94264 | D:5      | Bought an amulet of regeneration for 300 gold pieces
 94282 | D:5      | Killed Blork the orc
 94900 | Depths:4 | Reached skill level 1 in Shields
 96141 | Depths:4 | Identified the +9 plate armour of Wocu {Regen+ Str+5 Dex+2
                  | Slay-4}
 96193 | Depths:4 | Found a broken altar of Ashenzari.
 96609 | Depths:4 | Noticed a caustic shrike
 96636 | Depths:3 | Killed a caustic shrike
 96731 | Depths:4 | Killed a caustic shrike
 96743 | Depths:4 | Noticed a caustic shrike
 97460 | Depths:3 | Found Daet's Magic Scroll Shoppe.
 97467 | Depths:3 | Found Tywnukhe's Assorted Antiques.
 97509 | Depths:3 | Found a one-way gate to the infinite horrors of the Abyss.
 97591 | Depths:3 | Killed a caustic shrike
 98227 | Depths:4 | Killed a caustic shrike
 98824 | Depths:4 | Got Titim's Commentary on Transfiguration
 99315 | Depths:4 | Found a gate to the Realm of Zot.
 99396 | Depths:4 | Killed Frederick
 99504 | Depths:4 | Found a broken altar of Ashenzari.
 99898 | Zot:1    | Entered Level 1 of the Realm of Zot
100451 | Zot:1    | Noticed an orb of fire
100578 | Depths:4 | Gained mutation: You occasionally lose the ability to drink
                  | potions when taking damage. [an orb of fire]
100693 | Depths:4 | Gained mutation: Armour fits poorly on your strangely
                  | shaped body. [an orb of fire]
100697 | Depths:4 | Gained mutation: You have very sharp teeth. [an orb of
                  | fire]
100710 | Depths:4 | Killed from afar by an orb of fire

Illustrated notes

Levels and vault maps discovered:
D:1:      minmay_arrival_hallway, layout_basic, minmay_misc_feat_secret_circle
D:2:      layout_basic
D:3:      kb_forest_paths, layout_basic, ebering_ecumenical_altar_webs,
          minmay_divided_ellipse, uniq_robin
D:4:      layout_rooms
D:5:      layout_loops_corners, gammafunk_temple_overflow_pools, serial_shops,
          shop, uniq_sigmund, uniq_pikel, uniq_ijyb, uniq_blork_the_orc,
          uniq_grinder
D:6:      minmay_bubble_buster, layout_rooms, patterned_corridor, uniq_menkaure
D:7:      layout_loops_ring, minmay_temple_entry_glassed_door,
          gammafunk_ghost_grave, uniq_maggie
D:8:      layout_gridville, nicolae_elyvilon_peaceful_grove,
          nicolae_uskayaw_en_pointe, jmf_multi_god_temple,
          minmay_fractal_squares_gapless_5, uniq_erica
D:9:      layout_basic, david_orc_2, uniq_harold
D:10:     layout_roguey, amcnicky_altar_gilded, serial_shops, nicolae_shop_trees
D:11:     layout_long_grid, minmay_lair_entry_grove, uniq_grum
D:12:     nzn_winding_woodlands_small [nzn_winding_woodlands_5x15_jagged,
          nzn_winding_woodlands_center_triple_pond,
          nzn_winding_woodlands_5x15_river_crossing], layout_rooms,
          uniq_maurice, uniq_nessos
D:13:     layout_rooms, grunt_vaults_entry_tiered
D:14:     layout_rooms, grunt_qazlal_clouds, uniq_lodul
D:15:     hangedman_depths_entry_try_elsewhere_first, layout_irregular_city,
          fiery_altar_vehumet
Temple:   nicolae_temple_no_exploring_needed
Lair:1:   layout_cave_pods, minmay_stone_trees_small,
          grunt_forest_large_clearing_hut, lemuel_fruit_fields,
          lemuel_fruit_tree, uniq_joseph
Lair:2:   layout_hall_layers, minmay_shoals_entry_hut,
          spider_nest_entry_funnel_web, nicolae_lair_grove_arrangements,
          grunt_megastairs_5
Lair:3:   layout_hall_layers, gauntlet_entry_generic,
          infiniplex_staircase_pool_2
Lair:4:   layout_gridlike, slime_entry_1, gammafunk_ghost_split, pond,
          grunt_megastairs_3
Lair:5:   grunt_lair_end_beastmaster, layout_gridlike,
          chequers_serial_rivers_room_b, infiniplex_staircase_pool,
          lemuel_fruit_fields, uniq_rupert
Shoals:1: layout_shoals, serial_shops, nicolae_shop_just_a_little_nook,
          nicolae_shoals_lost_giant_pillars
Shoals:2: layout_shoals, portal_ice_cave_entry_pillars_1
Shoals:3: layout_shoals, nicolae_shoals_wave_tunnel
Shoals:4: shoals_end_hangedman, layout_shoals, ldierk_geyser,
          nicolae_shoals_kraken_intersection
Spider:1: layout_cave_pods, gammafunk_ghost_grave
Spider:2: layout_spider_delve, gammafunk_ghost_berserking_beasts, uniq_arachne
Spider:3: layout_cave_pods, gammafunk_ghost_tricky_traps,
          hangedman_spider_tarantella_strand
Spider:4: guppyfry_spider_rune
Orc:1:    layout_caves, okawaru_metal_pillars_1_2, uniq_urug, uniq_josephine
Orc:2:    grunt_orc_community_town_hall, layout_caves,
          grunt_orc_community_big_house_1, grunt_orc_community_big_house_2,
          grunt_orc_community_house_2, grunt_orc_community_house_3,
          grunt_orc_community_house_1, grunt_orc_community_house_1,
          grunt_orc_community_house_3, gammafunk_ghost_wrathful_warriors,
          basic_altar
Elf:1:    eino_elf_arrival_the_gate, layout_onion_city, minmay_elf_necromancy,
          nicolae_shop_self_help
Elf:2:    elven_hall_of_blades_hangedman_original
          [nicolae_vaults_blade_armed_guards], layout_loops_cross, serial_shops,
          nicolae_stop_n_shop_1, drop_trap
Elf:3:    elf_hall, layout_gridlike, serial_sigils,
          serial_sigils_hangedman_gnaw, serial_sigils_hangedman_writhe,
          serial_sigils_hangedman_quiver, serial_sigils_hangedman_stare,
          serial_sigils_hangedman_quiver, serial_shops, shop, uniq_aizul
Vaults:1: nicolae_vaults_more_shelving_2, nicolae_vaults_six-pack,
          nicolae_vaults_quartermaster, vaults_room_fours, v_misc_12,
          nicolae_vaults_tetromino_Z_1, vaults_room_stairs_pillars,
          hangedman_vaults_stagger, nicolae_vaults_tetromino_T_2,
          nicolae_vaults_trapezoid_lopsided_1, nicolae_vaults_tetromino_Z_1,
          layout_vaults_omnigrid, serial_shops, bzr_in_the_mist
Vaults:2: vaults_room_door_ring, vaults_mumra_chevron_long,
          grunt_vaults_hallway_short, nicolae_vaults_three_branches,
          nicolae_vaults_shipping_containers_2, v_misc_3,
          hangedman_vaults_river_flow, vaults_dpeg_hooks, vaults_room_fours,
          layout_vaults_omnibox, serial_shops, shop, nicolae_shop_stone, shop,
          shop
Vaults:3: vaults_room_large_hall, nicolae_vaults_weapon_check, v_misc_1,
          minmay_crypt_entry_simple_round, nicolae_vaults_door_testing_chamber,
          gammafunk_the_bubble [the_bubble_gammafunk_grid],
          ontoclasm_vaults_loading_screen, nicolae_vaults_wine_cellar,
          nicolae_vaults_border_crossing, layout_vaults_chaotic_city,
          uniq_saint_roka
Vaults:4: nicolae_vaults_little_squares_4, nicolae_vaults_little_squares_5,
          grunt_vaults_swirl, hangedman_vaults_variations,
          nicolae_vaults_heart-shaped_vault, ontoclasm_vaults_idyll,
          nicolae_vaults_security_offices_6, nicolae_vaults_big_ls,
          nicolae_vaults_house_1, nicolae_vaults_prndl,
          ontoclasm_vaults_shuriken, nicolae_vaults_double_plus_1,
          nicolae_vaults_sesquioval_fish, nicolae_vaults_stepped_doors,
          layout_vaults_ring, uniq_zenata
Vaults:5: uniq_boris
Depths:1: layout_cave_pools, minmay_door_square, hell_entry, door_vault
Depths:2: nicolae_legendary_halls, layout_gridlike, enter_ziggurat_f,
          hex_medium, hell_entry, pan_entry, kennysheep_small_circle
Depths:3: nooodl_glass_maze, layout_cave_pools, hangedman_abyss_entry_splay,
          hell_entry, minmay_staircase_statues_hall_small, minmay_shoptagon
Depths:4: grunt_zot_entry_funnels, layout_gridlike, cheibrodos_ashenzari_chains,
          pf_coc_iceberg, grunt_megastairs_4, uniq_frederick, uniq_sojobo,
          uniq_parghit
Zot:1:    grunt_zot_stairs_faceoff, layout_basic, gammafunk_ghost_grave,
          zot_minivault_1

Skill      XL: |  1  2  3  4  5  6  7  8  9 10 11 12 13 14 15 16 17 18 19 20 21 22 23 |
---------------+----------------------------------------------------------------------+-----
Fighting       | 3 4 5 7 8 9 10 11 | 11.6
Short Blades   | 3 4 6 7 9 11 13 15 | 15.2
Dodging        | 4 5 6 10 14 17 18 20 21 | 21.8
Stealth        | 8 9 10 11 14 16 19 21 23 25 26 | 26.2
Hexes          | 1 4 7 8 9 10 11 | 11.5
Spellcasting   | 1 4 7 |  7.0
Ice Magic      | 2 3 |  3.0
Evocations     | 4 7 |  7.5
Staves         | 5 8 9 11 12 13 | 13.0
Transmutations | 5 12 16 | 16.8
Earth Magic    | 2 5 8 11 | 11.7
Translocations | 1 8 |  8.2
Armour         | 1 5 |  5.7
Invocations    | 2 10 11 | 11.4
Shields        | 4 |  4.2

Action                     |  1- 3 |  4- 6 |  7- 9 | 10-12 | 13-15 | 16-18 | 19-21 | 22-24 || total
---------------------------+-------+-------+-------+-------+-------+-------+-------+-------++-------
  Melee: Short sword       |     5 |   106 |   457 |   504 |   998 |   655 |   315 |   104 ||  3144
         Punch             |       |     2 |    14 |     7 |     8 |     5 |     2 |     1 ||    39
         Rapier            |       |       |    74 |    96 |       |       |       |       ||   170
         Lajatang          |       |       |       |       |       |       |  1203 |   448 ||  1651
         Cutlass           |       |       |       |       |       |       |       |   708 ||   708
         Bite              |       |       |       |       |       |       |       |     1 ||     1
   Fire: Shortbow          |       |       |       |       |       |    41 |     1 |       ||    42
  Throw: Stone             |       |       |       |     3 |    23 |    17 |       |       ||    43
         Throwing net      |       |       |       |       |       |     1 |     1 |       ||     2
         Dart              |       |       |       |       |       |       |    15 |    17 ||    32
   Cast: Ensorcelled Hiber |       |       |    26 |   228 |   410 |   312 |   347 |   123 ||  1446
         Cause Fear        |       |       |       |     6 |     1 |       |       |       ||     7
         Portal Projectile |       |       |       |     1 |     1 |       |       |       ||     2
         Confusing Touch   |       |       |       |       |       |    26 |    21 |     2 ||    49
         Stone Arrow       |       |       |       |       |       |       |   100 |    12 ||   112
         Blink             |       |       |       |       |       |       |     4 |     3 ||     7
         Statue Form       |       |       |       |       |       |       |    31 |    59 ||    90
         Apportation       |       |       |       |       |       |       |       |     1 ||     1
 Invoke: Shadow Step       |       |       |       |       |       |       |       |     4 ||     4
  Evoke: Wand              |       |       |       |    23 |    26 |     6 |    20 |     3 ||    78
    Use: Scroll            |       |       |     9 |     2 |    13 |    17 |    17 |    16 ||    74
         Potion            |       |       |       |       |     5 |     3 |     5 |     5 ||    18
   Stab: Sleeping          |     2 |    12 |    72 |   118 |   300 |   270 |   235 |    75 ||  1084
         Distracted        |       |       |     5 |     1 |    23 |     8 |    12 |    18 ||    67
         Confused          |       |       |       |       |       |    18 |    10 |       ||    28
         Held in net/web   |       |       |       |       |       |       |     1 |       ||     1
         Paralysed         |       |       |       |       |       |       |       |     1 ||     1
 Armour: Robe              |       |    12 |    59 |    44 |       |    23 |    42 |    18 ||   198
         Steam dragon scal |       |       |       |     4 |   146 |    11 |       |       ||   161
         Skin              |       |       |       |       |       |       |   102 |   144 ||   246
  Dodge: Dodged            |     3 |    54 |   308 |   333 |   547 |   433 |  1773 |  1680 ||  5131
         Repelled          |       |       |       |       |       |     3 |    40 |    32 ||    75
  Block: Other             |       |       |       |    58 |    44 |    48 |   252 |   184 ||   586
         Reflection        |       |       |       |     1 |     8 |    11 |    16 |     9 ||    45
         Orb               |       |       |       |       |    73 |    32 |       |       ||   105
         Buckler           |       |       |       |       |       |       |       |   158 ||   158
